 Dungeon Crawl Stone Soup version 0.25-a0-663-gace7076f2c (webtiles) character file.

Game seed: 9080878721261207918, levelgen mode: deterministic

704 DasRunzen the Ducker (level 7, -11/58 HPs)
             Began as a Demigod Gladiator on Mar 25, 2020.
             Mangled by an ogre
             ... wielding a +0 giant club
              (23 damage)
             ... on level 5 of the Dungeon.
             The game lasted 00:06:31 (3724 turns).

DasRunzen the Ducker (Demigod Gladiator)            Turns: 3724, Time: 00:06:32

Health: -11/58     AC:  7    Str: 17    XL:     7   Next: 16%
Magic:  14/14      EV: 14    Int: 16    God:
Gold:   242        SH:  0    Dex: 17    Spells: 11/11 levels left

rFire    . . .     SeeInvis .   a - +1 long sword
rCold    . . .     Gourm    .   (no shield)
rNeg     + . .     Faith    .   b - +0 leather armour
rPois    .         Spirit   .   i - +2 hat
rElec    .         Reflect  .   (no cloak)
rCorr    .         Harm     .   (no gloves)
MR       .....                  r - +1 pair of boots {Stlth+}
Stlth    +++.......             (no amulet)
HPRegen  0.19/turn              g - ring of positive energy
MPRegen  0.14/turn              t - ring of stealth

@: no status effects
A: high mp 1
a: no special abilities


You were on level 5 of the Dungeon.
You were hungry.

You visited 1 branch of the dungeon, and saw 5 of its levels.

You collected 242 gold pieces.

Inventory:

Hand Weapons
 a - a +1 long sword (weapon)
Missiles
 d - 3 throwing nets (quivered)
Armour
 b - a +0 leather armour (worn)
 i - a +2 hat (worn)
 r - a +1 pair of boots of stealth (worn)
Jewellery
 g - a ring of positive energy (left hand)
 o - an uncursed ring of ice
 t - a ring of stealth (right hand)
Wands
 n - a wand of acid (5)
Scrolls
 h - a scroll of fog
 m - 2 scrolls of teleportation
Potions
 c - a potion of stabbing
 e - 2 potions of curing
 j - 2 potions of flight
 k - 2 potions of heal wounds
 p - 2 potions of might
 q - 2 potions of haste
 s - a potion of brilliance {unknown}
Comestibles
 f - 10 rations


   Skills:
 + Level 3.7 Fighting
 + Level 4.2 Long Blades
 - Level 1.7 Throwing
 + Level 3.1 Armour
 + Level 4.3 Dodging
 + Level 2.6 Spellcasting


You had 11 spell levels left.
You didn't know any spells.
Your spell library was empty.

Dungeon Overview and Level Annotations

Branches:
Dungeon (5/15)
 Temple: D:4-7

Shops:
D:4 *


Innate Abilities, Weirdness & Mutations

You have an increased reservoir of magic. (+10% MP)


Message History

The ogre closely misses you.
You slash the ogre!
The ogre is moderately wounded.
The ogre hits you with a +0 giant club!
You hit the ogre but do no damage.
The ogre is moderately wounded.
The ogre hits you with a +0 giant club!!
* * * LOW HITPOINT WARNING * * *
You are too injured to fight recklessly!
You are too injured to fight recklessly!
You hit the ogre but do no damage.
The ogre is moderately wounded.
You barely miss the ogre.
The ogre is moderately wounded.
The ogre closely misses you.
You riposte.
You hit the ogre.
The ogre is heavily wounded.
You hit the ogre.
The ogre is severely wounded.
The ogre hits you with a +0 giant club!!
You die...

.. #.. # ...
#######...
#.######..O....#
#......'.@.....#
#.....##.......#
#.....#######.##
#.....# # #.....#
.#
#.....#######.##
#......<.......##>
#.......[.........
#..............#


You could see an ogre.

Vanquished Creatures
  Sigmund (D:4)
  An ogre (D:4)
  A gnoll sergeant (D:4)
  A howler monkey (D:4)
  A hound (D:5)
  A centaur skeleton (D:4)
  A bullfrog skeleton (D:4)
  3 worker ants (D:4)
  3 gnolls (D:4)
  9 adders
  An ooze (D:4)
  An adder skeleton (D:3)
  A worm (D:3)
  2 dart slugs
  2 leopard geckos
  8 orcs
  8 giant cockroaches
  3 goblins
  7 hobgoblins
  4 jackals (D:1)
  3 quokkas
  8 bats
  9 frilled lizards
  6 kobolds
  7 rats
  A spectral orc (D:3)
93 creatures vanquished.

Notes
Turn   | Place    | Note
-------+----------+-------------------------------------------
     0 | D:1      | DasRunzen the Demigod Gladiator began the quest for the
                  | Orb.
     0 | D:1      | Reached XP level 1. HP: 17/17 MP: 3/3
   184 | D:1      | Reached XP level 2. HP: 21/24 MP: 4/4
   714 | D:2      | Found a shadowy altar of Dithmenos.
   714 | D:2      | Found a sparkling altar of Nemelex Xobeh.
   717 | D:2      | Found an ornate altar of the Wu Jian Council.
   734 | D:2      | Reached XP level 3. HP: 23/29 MP: 6/6
   742 | D:2      | Reached skill level 1 in Armour
   869 | D:2      | Reached skill level 1 in Spellcasting
   933 | D:2      | Found a blossoming altar of Fedhas.
   984 | D:2      | Found a hazy altar of Hepliaklqana.
  1322 | D:2      | Reached XP level 4. HP: 35/37 MP: 8/8
  1407 | D:2      | Found a stormy altar of Qazlal.
  1551 | D:2      | Found a glowing silver altar of Zin.
  2295 | D:3      | Found a basalt altar of Yredelemnul.
  2525 | D:4      | Noticed an ogre
  2562 | D:4      | Killed an ogre
  2562 | D:4      | Reached XP level 5. HP: 16/44 MP: 8/10
  2896 | D:4      | Reached XP level 6. HP: 46/51 MP: 11/11
  3057 | D:4      | Found Tyisk's General Store.
  3130 | D:4      | Noticed Sigmund
  3140 | D:4      | Killed Sigmund
  3322 | D:4      | Reached XP level 7. HP: 45/57 MP: 13/13
  3681 | D:5      | Entered Level 5 of the Dungeon
  3724 | D:5      | Mangled by an ogre

Levels and vault maps discovered:
D:1:      dpeg_arrival_leaves_temple_mockup, layout_loops_ring,
          minmay_tiny_reverse_x
D:2:      layout_loops_corners, marbit_many_paths, zin_statuary,
          grunt_temple_overflow_open, lemuel_doored_altar, fedhas_ov_isle_minmay
D:3:      layout_loops_corners, yredelemnul_forgotten_temple_becter
D:4:      layout_loops_corners, first_ration, serial_shops, shop_fountains,
          uniq_sigmund
D:5:      layout_basic, nicolae_gozag_cash_rules_everything_around_me,
          kennysheep_mini, minmay_temple_entry_offerings,
          kennysheep_nondescript, uniq_menkaure

Skill      XL: |  1  2  3  4  5  6 |
---------------+-------------------+-----
Fighting       | 2 3 |  3.7
Dodging        | 3 4 |  4.3
Long Blades    | 3 4 |  4.2
Armour         | 1 2 3 |  3.1
Spellcasting   | 1 2 |  2.6
Throwing       | |  1.7

Action                   |  1- 3 |  4- 6 |  7- 9 || total
-------------------------+-------+-------+-------++-------
Melee: Long sword        |   115 |   140 |    26 ||   281
  Use: Scroll            |     8 |     8 |     1 ||    17
 Stab: Distracted        |     3 |     1 |       ||     4
       Sleeping          |     1 |     9 |     1 ||    11
  Eat: Chunk             |     1 |     7 |     1 ||     9
Armor: Leather armour    |    44 |    29 |     6 ||    79
Dodge: Dodged            |    97 |    92 |    24 ||   213
       Rpst.: Long sword |    28 |    36 |     8 ||    72

Table legend:
 A = Non-vault XP
 B = Vault XP
 C = Vault XP percentage of total XP
 D = Non-vault monster count
 E = Vault monster count
 F = Vault count percentage of total count
                 A         B        C        D         E       F
            +---------+---------+-------+---------+---------+-------
      Total |     781 |     225 |  22.4 |      88 |       5 |   5.4
            +---------+---------+-------+---------+---------+-------
        D:1 |      29 |       3 |   9.4 |      18 |       2 |  10.0
        D:2 |     100 |       1 |   1.0 |      28 |       1 |   3.4
        D:3 |      60 |       1 |   1.6 |      16 |       1 |   5.9
        D:4 |     547 |     220 |  28.7 |      24 |       1 |   4.0
        D:5 |      45 |       0 |   0.0 |       2 |       0 |   0.0
            +---------+---------+-------+---------+---------+-------
